 Dungeon Crawl Stone Soup version 0.17-a0-725-gfa8c127 (webtiles) character file.

1188 FedoraBrony69 the Thaumaturge (level 8, 0/41 HPs)
             Began as a Deep Elf Wizard on Apr 20, 2015.
             Was an Initiate of Kikubaaqudgha.
             Slain by a yak (14 damage)
             ... on level 6 of the Dungeon.
             The game lasted 00:21:44 (5058 turns).

FedoraBrony69 the Thaumaturge (Deep Elf Wizard)     Turns: 5058, Time: 00:21:45

Health: 0/41       AC: 11    Str:  4    XL:     8   Next: 19%
Magic:  19/22      EV: 12    Int: 21    God:    Kikubaaqudgha [......]
Gold:   292        SH:  0    Dex: 13    Spells: 4 memorised, 11 levels left

rFire  . . .     SeeInvis .     H - +10 whip of Fate {flame, +Rage rElec Int-5}
rCold  . . .     Clarity  .     a - +0 robe
rNeg   . . .     SustAb   .     (no shield)
rPois  .         Gourm    .     b - +0 hat
rElec  +         Spirit   .     v - +0 cloak
rCorr  .         Warding  .     L - +0 pair of gloves
rMut   .         Stasis   .     w - +1 pair of boots
MR     .....                    r - amulet of regeneration
Stlth  ++........               R - +5 ring of protection
                                f - ring of invisibility (curse)

@: repel missiles, drained, not resistant to hostile enchantments, unstealthy
A: no striking features
a: Renounce Religion, Evoke Berserk Rage, Evoke Invisibility


You were on level 6 of the Dungeon.
You worshipped Kikubaaqudgha.
Kikubaaqudgha was noncommittal.
You were very hungry.

You visited 2 branches of the dungeon, and saw 8 of its levels.

You collected 292 gold pieces.

Inventory:

Hand weapons
 H - the +10 whip of Fate (weapon) {flame, +Rage rElec Int-5}
   (You found it on level 4 of the Dungeon)

   It has been specially enchanted to burn those struck by it, causing extra
   injury to most foes and up to half again as much damage against particularly
   susceptible opponents.
   It affects your intelligence (-5).
   It insulates you from electricity.
   It lets you go berserk.
Armour
 a - a +0 robe (worn)
 b - a +0 hat (worn)
 v - a +0 cloak (worn)
 w - a +1 pair of boots (worn)
 L - a +0 pair of gloves (worn)
Jewellery
 f - a cursed ring of invisibility (left hand)
 r - an amulet of regeneration (around neck)
 s - an uncursed ring of protection from fire
 A - an uncursed ring of positive energy
 M - an uncursed ring of ice
 O - an uncursed amulet of rage
 R - a +5 ring of protection (right hand)
 T - an uncursed amulet of the gourmand
Magical devices
 K - a wand of digging (12)
 Q - a wand of enslavement (0)
 U - a wand of magic darts (32)
Scrolls
 e - 5 scrolls of magic mapping {unknown}
 g - 4 scrolls of remove curse {unknown}
 i - a scroll of enchant armour {unknown}
 k - a scroll of teleportation {unknown}
 l - 2 scrolls of fear {unknown}
 o - 4 scrolls of identify {unknown}
 u - 2 scrolls of noise {unknown}
 y - 2 scrolls of amnesia {unknown}
 D - a scroll of enchant weapon {unknown}
 J - a scroll of immolation {unknown}
 N - a scroll of silence {unknown}
Potions
 h - a potion of curing {unknown}
 m - 2 potions of might {unknown}
 q - a potion of agility {unknown}
 t - 3 potions of magic {unknown}
 z - a potion of beneficial mutation {unknown}
 B - 2 potions of resistance {unknown}
 E - a potion of berserk rage {unknown}
 G - a potion of brilliance {unknown}
 I - 2 potions of invisibility {unknown}
Books
 c - a book of Minor Magic

   Spells                             Type                      Level
   a - Magic Dart                     Conjuration                  1
   b - Blink                          Translocation                2
   c - Call Imp                       Summoning                    2
   d - Repel Missiles                 Charms/Air                   2
   e - Slow                           Hexes                        2
   f - Conjure Flame                  Conjuration/Fire             3
   g - Mephitic Cloud                 Conjuration/Poison/Air       3
 x - a book of Control

   Spells                             Type                      Level
   a - Control Teleport               Charms/Translocation         4
   b - Control Undead                 Necromancy                   4
   c - Metabolic Englaciation         Hexes/Ice                    5
   d - Mass Confusion                 Hexes                        6
 P - a Grand Grimoire {highlevel, unknown}

   This book is beyond your current level of understanding.

   Spells                             Type                      Level
   a - Aura of Abjuration             Summoning                    6
   b - Summon Greater Demon           Summoning                    7
   c - Malign Gateway                 Summoning/Translocation      7
   d - Summon Horrible Things         Summoning                    8
 S - a book of Transfigurations

   Spells                             Type                      Level
   a - Stoneskin                      Transmutation/Earth          2
   b - Irradiate                      Conjuration/Transmutation    5
   c - Statue Form                    Transmutation/Earth          6
   d - Hydra Form                     Transmutation                6
   e - Dragon Form                    Transmutation                7
Comestibles
 d - 4 bread rations
 j - 2 beef jerkies
 n - 2 meat rations
 C - 2 slices of pizza


   Skills:
 - Level 2.4(2.1) Dodging
 - Level 2.4(2.1) Stealth
 * Level 8.9(8.5) Spellcasting
 + Level 8.6(8.2) Conjurations
   Level 1.1(0.8) Summonings
   Level 1.1(0.8) Translocations
 * Level 0.0 Transmutations


You had 11 spell levels left.
You knew the following spells:

 Your Spells              Type           Power        Failure   Level  Hunger
a - Magic Dart            Conj           ####         1%          1    None
b - Repel Missiles        Chrm/Air       #.....       12%         2    None
c - Mephitic Cloud        Conj/Pois/Air  ###.....     10%         3    None
d - Dragon Form           Trmt           #.........   100%        7    #######


Dungeon Overview and Level Annotations

Branches:
Dungeon (7/15)             Temple (1/1) D:5

Altars:
Cheibriados
Dithmenos
Elyvilon
Gozag
Kikubaaqudgha
Nemelex Xobeh
Okawaru
Ru
Trog
Xom
Yredelemnul
Zin
The Shining One


Message History

The yak barely misses you.
The yak is engulfed in noxious fumes.
The yak appears confused.
There is an open door here.
You whack the yak! You burn the yak.
The yak is lightly wounded.
The yak gores you!
The yak is engulfed in noxious fumes.
The yak appears confused.
You whack the yak! You burn the yak.
The yak is heavily wounded.
The yak gores you but does no damage.
The yak is engulfed in noxious fumes.
The yak appears confused.
You hit the yak. You burn the yak.
The yak is severely wounded.
The yak gores you!
* * * LOW HITPOINT WARNING * * *
The yak is engulfed in noxious fumes.
You see here a war axe.
The yak gores you!
You die...
Kikubaaqudgha rasps: "You have failed me!
Welcome... death!"

#.......# #.# ###..####
####'##### ########.###
#........# #..........#
#).......# #..........#
#........# #..........#
#........# #..........#
#........# #........(Y##
#........# ##########.@#
#........# ######## ##.##
#........# #......# #..#
#..[.....# #......#
##.###........#
#......#######..##........#
#.).....#....##.##...(....#
#.......#.##+##..####'#####
#................## #.#
#......####...#...# #.#


You could see a yak.

Vanquished Creatures
  Grinder (D:5)
  Edmund (D:6)
  An ogre (D:4)
  Blork the orc (D:6)
  A giant frog (D:6)
  A jelly (D:5)
  2 scorpions
  2 crimson imps (D:6)
  Ijyb (D:2)
  Jessica (D:3)
  A giant frog skeleton (D:6)
  2 hounds (D:5)
  4 worker ants
  7 adders
  5 gnolls
  An ooze (D:3)
  3 worms
  3 giant geckos
  11 orcs
  A ball python (D:1)
  A bat zombie (D:5)
  5 giant cockroaches
  16 goblins
  11 hobgoblins
  3 quokkas
  8 bats
  A giant gecko zombie (D:6)
  5 giant newts
  A jackal skeleton (D:5)
  12 kobolds
  12 rats
125 creatures vanquished.

Vanquished Creatures (others)
  An adder (D:2)
  A goblin (D:2)
2 creatures vanquished.

Grand Total: 127 creatures vanquished

Notes
Turn   | Place    | Note
--------------------------------------------------------------
     0 | D:1      | FedoraBrony69, the Deep Elf Wizard, began the quest for the Orb.
     0 | D:1      | Reached XP level 1. HP: 10/10 MP: 7/7
   295 | D:1      | Reached XP level 2. HP: 10/15 MP: 0/9
   752 | D:2      | Reached skill level 5 in Spellcasting
   825 | D:2      | Reached XP level 3. HP: 13/19 MP: 4/11
   905 | D:2      | Learned a level 2 spell: Repel Missiles
  1001 | D:2      | Noticed Ijyb
  1050 | D:2      | Killed Ijyb
  1050 | D:2      | Reached XP level 4. HP: 24/24 MP: 2/13
  1373 | D:2      | Found a white marble altar of Elyvilon.
  1795 | D:3      | Reached skill level 6 in Spellcasting
  2038 | D:3      | Noticed Jessica
  2044 | D:3      | Killed Jessica
  2044 | D:3      | Reached XP level 5. HP: 28/28 MP: 10/15
  2211 | D:2      | Learned a level 3 spell: Mephitic Cloud
  2528 | D:4      | Got a polished whip
  2529 | D:4      | Identified the +10 whip of Fate {flame, +Rage rElec Int-5} (You found it on level 4 of the Dungeon)
  2688 | D:4      | Reached skill level 5 in Conjurations
  2688 | D:4      | Reached XP level 6. HP: 32/32 MP: 7/17
  3153 | D:4      | Noticed an ogre
  3163 | D:4      | Killed an ogre
  3163 | D:4      | Reached skill level 7 in Spellcasting
  3307 | D:5      | Entered Level 5 of the Dungeon
  3332 | D:5      | Noticed Grinder
  3359 | D:5      | Paralysed by Grinder for 7 turns
  3824 | D:5      | Reached XP level 7. HP: 36/36 MP: 16/20
  3855 | D:5      | Found a staircase to the Ecumenical Temple.
  3861 | Temple   | Entered the Ecumenical Temple
  3994 | Temple   | Became a worshipper of Kikubaaqudgha
  4115 | D:5      | Killed Grinder
  4115 | D:5      | Reached skill level 8 in Spellcasting
  4541 | D:6      | Noticed Blork the orc
  4545 | D:6      | Noticed Edmund
  4554 | D:6      | Killed Blork the orc
  4554 | D:6      | Reached XP level 8. HP: 41/41 MP: 1/22
  4592 | D:6      | Killed Edmund
  4978 | D:6      | Learned a level 7 spell: Dragon Form
  5058 | D:6      | Slain by a yak

Action                   |  1- 3 |  4- 6 |  7- 9 || total
-------------------------+-------+-------+-------++-------
Melee: Unarmed           |     4 |       |       ||     4
       Spear             |    18 |    33 |       ||    51
       Whip              |       |    31 |    59 ||    90
 Cast: Magic Dart        |    72 |   156 |    44 ||   272
       Repel Missiles    |       |     1 |     1 ||     2
       Mephitic Cloud    |       |     8 |    12 ||    20
 Stab: Confused          |       |     3 |     1 ||     4
  Eat: Chunk             |       |    10 |     3 ||    13
